 Dungeon Crawl Stone Soup version 0.30.0-20-g3615ddf2f0 (webtiles) character file.

Game seed: 6549744380075249422

1794 qw the Cleaver (level 9, -3/55 HPs)
             Began as a Gargoyle Fighter on June 1, 2023.
             Was a Follower of Okawaru.
             Killed from afar by a steam dragon (23 damage)
             ... with a ball of steam
             ... on level 7 of the Dungeon.
             The game lasted 00:02:56 (6068 turns).

qw the Cleaver (Gargoyle Fighter)                   Turns: 6068, Time: 00:02:57

Health: -3/55      AC: 18    Str: 25    XL:     9   Next: 9%
Magic:  11/12      EV: 10    Int:  8    God:    Okawaru [*.....]
Gold:   267        SH: 10    Dex:  9    Spells: 8/8 levels left

rFire   . . .        Y - +0 war axe
rCold   . . .        c - +0 buckler
rNeg    + . .        h - +0 chain mail
rPois   inf          b - +0 helmet
rElec   +            (no cloak)
rCorr   .            (no gloves)
SInv    .            (no boots)
Will    .....        f - amulet of reflection Stlth
                     (no ring)
HPRegen 0.29/turn    (no ring)
MPRegen 0.13/turn

%: reflection
@: heroic
A: sickness immunity, AC +6, negative energy resistance 1, electricity
resistance, torment resistance 1, petrification resistance
a: Renounce Religion, Heroism


You were on level 7 of the Dungeon.
You worshipped Okawaru.
Okawaru was aware of your devotion.
You visited 2 branches of the dungeon, and saw 8 of its levels.

You collected 295 gold pieces.
You spent 28 gold pieces at shops.


Innate Abilities, Weirdness & Mutations

You are immune to sickness and miasma.
Your stone body is resilient. (AC +6)
You are immune to poison.
You resist negative energy. (rN+)
You are resistant to electric shocks. (rElec)
You are resistant to unholy torment.
You are immune to petrification.


   Skills:
 - Level 6.1(11.1) Fighting
 + Level 8.8(13.8) Axes
 - Level 3.2(8.2) Armour
 - Level 1.0(6.0) Dodging
 - Level 3.2(8.2) Shields
 - Level 4.2 Invocations


You had 8 spell levels left.
You didn't know any spells.
Your spell library was empty.

Inventory:

Hand Weapons
 m - a +0 flail of draining
 Y - a +0 war axe (weapon)
Armour
 b - a +0 helmet (worn)
 c - a +0 buckler (worn)
 g - a +0 pair of boots
 h - a +0 chain mail (worn)
Jewellery
 f - an amulet of reflection (around neck)
Scrolls
 a - a scroll of identify
 i - a scroll of teleportation {unknown}
Potions
 d - 3 potions of might
 e - 4 potions of curing
 j - a potion of attraction
 l - a potion of brilliance {unknown}
 n - a potion of cancellation

Dungeon Overview and Level Annotations

Branches:
Dungeon (7/15)             Temple (1/1) D:4

Altars:
Ashenzari
Cheibriados
Dithmenos
Elyvilon
Gozag
Hepliaklqana
Kikubaaqudgha
Makhleb
Okawaru
Qazlal
Ru
Trog
Uskayaw
Vehumet
Wu Jian
Xom
Yredelemnul
Zin
The Shining One

Shops:
D:5 *

Annotations:
D:3 1 runed translucent door, Crazy Yiuf
D:7 2 transporters, qw's ghost, novice GrFi


Message History

The orc wizard gestures wildly while chanting.
The orc wizard flickers and vanishes!
Deactivating autopickup; reactivate with Ctrl-A.
You block the howler monkey's attack.
You closely miss the howler monkey.
The howler monkey is moderately wounded.
You barely miss something. The howler monkey barely misses you.
Something hits you but does no damage.
You hit the howler monkey.
The howler monkey is moderately wounded.
You miss something. You block the howler monkey's attack.
The steam dragon breathes steam at you. The ball of steam hits you!
Something hits you but does no damage.
Autopickup is now on.
You slash the howler monkey!
You kill the howler monkey!
Okawaru accepts your kill.
You hit something.
You are engulfed in a cloud of scalding steam.
You feel a bit more experienced.
You slash the steam dragon!
The steam dragon is moderately wounded.
You are engulfed in a cloud of scalding steam.
You slash the steam dragon!
The steam dragon is severely wounded.
You are engulfed in a cloud of scalding steam.
Your attacks no longer feel as feeble.
You block the steam dragon's attack. The steam dragon closely misses you.
You hit the steam dragon.
The steam dragon is almost dead.
The steam dragon bites you. The steam dragon closely misses you.
You closely miss the steam dragon.
The steam dragon is almost dead.
The steam dragon closely misses you. You block the steam dragon's attack.
You barely miss the steam dragon.
The steam dragon is almost dead.
The steam dragon breathes steam at you. The ball of steam hits you!!
You die...

#..### ##. .## #..# .
#.. . ..# #.# .. #.#.
#. .#.# .. ..# ##..#.h
#..## . #.#..#.#..#.#
#. #..#..#..#..# ..
#########..#.)D#..# #
#.......##..#@#..#
##..#####..##..#..# #.
#(.......#..###.###..#
..
..#.####.##.........#
#.############
#.......# #.#..
#######.# #.#.. .##
#.# #.#.# ... #.#
#.#.# ###


You could see a steam dragon (catching breath).

Vanquished Creatures
  Grinder (D:6)
  A sky beast (D:6)
  An ice beast (D:6)
  A centaur (D:5)
  A kobold brigand (D:6)
  3 phantoms
  2 bullfrogs
  3 scorpions
  3 howler monkeys
  2 hounds
  A jelly (D:7)
  3 gnoll boudas
  3 iguanas
  An orc wizard (D:6)
  Natasha (D:2)
  Robin (D:3)
  11 gnolls
  9 adders
  4 dart slugs
  12 orcs
  6 ball pythons
  An endoplasm (D:4)
  7 giant cockroaches
  13 goblins
  7 hobgoblins
  3 jackals (D:2)
  A quokka (D:1)
  A bat (D:1)
  3 frilled lizards
  15 kobolds
  4 rats
125 creatures vanquished.

Vanquished Creatures (others)
  An orc wizard (D:7)
1 creature vanquished.

Grand Total: 126 creatures vanquished

Notes
Turn   | Place    | Note
-------+----------+-------------------------------------------
     0 | D:1      | qw the Gargoyle Fighter began the quest for the Orb.
     0 | D:1      | Reached XP level 1. HP: 14/14 MP: 1/1
     0 | D:1      | 0 ||| qw: Version: 0.2-a-102-gfc559e5
     0 | D:1      | 0 ||| qw: Game counter: 661
     0 | D:1      | 0 ||| qw: Always use a shield: true
     0 | D:1      | 0 ||| qw: God list: Okawaru
     0 | D:1      | 0 ||| qw: Allow faded altars: false
     0 | D:1      | 0 ||| qw: Do Orc after D:15 true
     0 | D:1      | 0 ||| qw: Do second Lair branch before Depths: true
     0 | D:1      | 0 ||| qw: Lair rune preference: random
     0 | D:1      | 0 ||| qw: Plans: Normal, Zot:1-4, Slime:5, God:TSO, Crypt,
                  | Tomb, Pan, Hells, Abyss, Win
     0 | D:1      | 0 ||| PLANNING D:1-11
    76 | D:1      | Reached skill level 2 in Axes
   262 | D:1      | Reached XP level 2. HP: 19/19 MP: 2/2
   350 | D:1      | 350 ||| DROPPING +0 club.
   405 | D:1      | 405 ||| Stepping ~*~*~tactically~*~*~ (hiding).
   618 | D:1      | 618 ||| Stepping ~*~*~tactically~*~*~ (hiding).
   623 | D:1      | Reached skill level 3 in Axes
   757 | D:1      | 757 ||| Stepping ~*~*~tactically~*~*~ (hiding).
   768 | D:1      | Reached XP level 3. HP: 23/23 MP: 3/3
   865 | D:1      | 865 ||| UPGRADING to +0 chain mail.
   875 | D:1      | 875 ||| DROPPING +0 scale mail.
   876 | D:1      | 876 ||| DROPPING +6 ring of intelligence.
   877 | D:1      | 877 ||| READING scroll labelled VIHEUQ WAUXIAMACEU.
   878 | D:1      | 878 ||| READING scroll labelled DEH XIN FIA.
   879 | D:1      | 879 ||| READING scroll labelled LEOTTE RAFF.
   880 | D:1      | 880 ||| DRINKING 3 fuming silvery potions.
   881 | D:1      | 881 ||| DRINKING 2 fuming purple potions.
   882 | D:1      | 882 ||| DRINKING 2 potions of curing.
   882 | D:1      | 882 ||| (to cure confusion)
   883 | D:1      | 883 ||| DRINKING 2 fuming green potions.
   884 | D:1      | 884 ||| DROPPING potion of ambrosia.
  1030 | D:2      | 1030 ||| Stepping ~*~*~tactically~*~*~ (hiding).
  1176 | D:2      | 1176 ||| Stepping ~*~*~tactically~*~*~ (stealth).
  1311 | D:2      | 1311 ||| Stepping ~*~*~tactically~*~*~ (stealth).
  1396 | D:2      | 1396 ||| Stepping ~*~*~tactically~*~*~ (stealth).
  1445 | D:2      | Noticed Natasha
  1454 | D:2      | Killed Natasha
  1455 | D:2      | Reached skill level 4 in Axes
  1455 | D:2      | Reached XP level 4. HP: 19/28 MP: 4/4
  1725 | D:2      | 1725 ||| READING scroll labelled DICUKI BUGRI.
  1726 | D:2      | 1726 ||| READING scroll labelled GOARUS XUAST.
  1727 | D:2      | 1727 ||| READING scroll labelled BASUNLU VAENY.
  1728 | D:2      | 1728 ||| DRINKING 3 dark potions.
  1833 | D:2      | 1833 ||| DROPPING 2 potions of berserk rage.
  2082 | D:3      | 2082 ||| Stepping ~*~*~tactically~*~*~ (stealth).
  2084 | D:3      | 2084 ||| Stepping ~*~*~tactically~*~*~ (hiding).
  2086 | D:3      | 2086 ||| Stepping ~*~*~tactically~*~*~ (hiding).
  2087 | D:3      | 2087 ||| Stepping ~*~*~tactically~*~*~ (hiding).
  2088 | D:3      | 2088 ||| Stepping ~*~*~tactically~*~*~ (hiding).
  2232 | D:3      | Noticed Robin
  2250 | D:3      | Killed Robin
  2251 | D:3      | Reached XP level 5. HP: 12/32 MP: 5/5
  2515 | D:3      | 2515 ||| Stepping ~*~*~tactically~*~*~ (stealth).
  2543 | D:3      | 2543 ||| UPGRADING to +0 helmet.
  2657 | D:3      | Found a runed translucent door.
  2658 | D:3      | Noticed Crazy Yiuf
  2875 | D:3      | 2875 ||| Stepping ~*~*~tactically~*~*~ (stealth).
  2879 | D:3      | 2879 ||| Stepping ~*~*~tactically~*~*~ (stealth).
  3002 | D:3      | 3002 ||| UPGRADING to amulet of reflection.
  3181 | D:4      | Reached skill level 5 in Axes
  3215 | D:4      | Found a staircase to the Ecumenical Temple.
  3216 | D:4      | 3216 ||| PLANNING TEMPLE
  3231 | Temple   | Entered the Ecumenical Temple
  3232 | Temple   | 3232 ||| PLANNING OKAWARU WORSHIP
  3264 | Temple   | 3264 ||| DROPPING scarf of invisibility.
  3274 | Temple   | Became a worshipper of Warmaster Okawaru
  3274 | Temple   | 3274 ||| PLANNING D:1-11
  3284 | D:4      | Noticed a phantom
  3285 | D:4      | 3285 ||| Stepping ~*~*~tactically~*~*~ (stealth).
  3300 | D:4      | 3300 ||| FLEEEEING.
  3302 | D:4      | 3302 ||| FLEEEEING.
  3303 | D:4      | 3303 ||| FLEEEEING.
  3304 | D:4      | 3304 ||| FLEEEEING.
  3305 | D:4      | 3305 ||| FLEEEEING.
  3306 | D:4      | 3306 ||| FLEEEEING.
  3307 | D:4      | 3307 ||| FLEEEEING.
  3308 | D:4      | 3308 ||| FLEEEEING.
  3309 | D:4      | 3309 ||| FLEEEEING.
  3310 | D:4      | 3310 ||| FLEEEEING.
  3311 | D:4      | 3311 ||| FLEEEEING.
  3312 | D:4      | 3312 ||| FLEEEEING.
  3313 | D:4      | 3313 ||| FLEEEEING.
  3314 | D:4      | 3314 ||| FLEEEEING.
  3315 | D:4      | 3315 ||| FLEEEEING.
  3316 | D:4      | 3316 ||| FLEEEEING.
  3317 | D:4      | 3317 ||| FLEEEEING.
  3318 | D:4      | 3318 ||| FLEEEEING.
  3319 | D:4      | 3319 ||| FLEEEEING.
  3320 | D:4      | 3320 ||| FLEEEEING.
  3321 | D:4      | 3321 ||| FLEEEEING.
  3323 | D:4      | 3323 ||| FLEEEEING.
  3325 | D:4      | 3325 ||| FLEEEEING.
  3326 | D:4      | 3326 ||| FLEEEEING.
  3327 | D:4      | 3327 ||| FLEEEEING.
  3328 | D:4      | 3328 ||| FLEEEEING.
  3329 | D:4      | 3329 ||| FLEEEEING.
  3330 | D:4      | 3330 ||| FLEEEEING.
  3331 | D:4      | 3331 ||| FLEEEEING.
  3347 | D:4      | Killed a phantom
  3348 | D:4      | Reached XP level 6. HP: 39/39 MP: 6/6
  3408 | D:4      | 3408 ||| Stepping ~*~*~tactically~*~*~ (hiding).
  3451 | D:4      | 3451 ||| Stepping ~*~*~tactically~*~*~ (stealth).
  3480 | D:4      | 3480 ||| DROPPING +0 whip.
  3562 | D:4      | 3562 ||| Stepping ~*~*~tactically~*~*~ (hiding).
  3763 | D:4      | 3763 ||| READING 2 scrolls of identify.
  3763 | D:4      | 3763 ||| IDENTIFYING lumpy black potion
  3764 | D:4      | 3764 ||| DROPPING potion of invisibility.
  3794 | D:5      | Entered Level 5 of the Dungeon
  3804 | D:5      | Reached * piety under Okawaru
  3805 | D:5      | Reached skill level 6 in Axes
  3805 | D:5      | Reached XP level 7. HP: 44/44 MP: 7/7
  3811 | D:5      | Reached skill level 1 in Invocations
  3838 | D:5      | 3838 ||| Stepping ~*~*~tactically~*~*~ (hiding).
  3841 | D:5      | 3841 ||| Stepping ~*~*~tactically~*~*~ (stealth).
  3843 | D:5      | Reached skill level 1 in Dodging
  3852 | D:5      | 3852 ||| INVOKING Heroism.
  4005 | D:5      | Reached skill level 3 in Invocations
  4348 | D:5      | Reached ** piety under Okawaru
  4431 | D:5      | 4431 ||| INVOKING Heroism.
  4435 | D:5      | Reached XP level 8. HP: 28/48 MP: 7/10
  4510 | D:5      | Found Xuamatex's General Store.
  4515 | D:5      | 4515 ||| SHOPLISTING +0 plate armour (322 gold, have 217).
  4515 | D:5      | 4515 ||| BUYING scroll of identify (28 gold).
  4515 | D:5      | Bought a scroll of identify for 28 gold pieces
  4911 | D:5      | 4911 ||| READING scroll labelled OTWIUH VECVU.
  4944 | D:5      | 4944 ||| READING 3 scrolls of identify.
  4944 | D:5      | 4944 ||| IDENTIFYING black potion
  4945 | D:5      | 4945 ||| READING 2 scrolls of identify.
  4945 | D:5      | 4945 ||| IDENTIFYING white potion
  4946 | D:5      | 4946 ||| DROPPING potion of flight.
  4968 | D:6      | Noticed Grinder
  4969 | D:6      | 4969 ||| Stepping ~*~*~tactically~*~*~ (hiding).
  4972 | D:6      | 4972 ||| INVOKING Heroism.
  4980 | D:6      | Killed Grinder
  4981 | D:6      | Reached skill level 7 in Axes
  5055 | D:6      | 5055 ||| INVOKING Heroism.
  5318 | D:6      | 5318 ||| Stepping ~*~*~tactically~*~*~ (hiding).
  5336 | D:6      | 5336 ||| FLEEEEING.
  5337 | D:6      | 5337 ||| FLEEEEING.
  5338 | D:6      | 5338 ||| FLEEEEING.
  5339 | D:6      | 5339 ||| FLEEEEING.
  5342 | D:6      | 5342 ||| FLEEEEING.
  5343 | D:6      | 5343 ||| FLEEEEING.
  5344 | D:6      | 5344 ||| FLEEEEING.
  5345 | D:6      | 5345 ||| FLEEEEING.
  5346 | D:6      | 5346 ||| FLEEEEING.
  5347 | D:6      | 5347 ||| FLEEEEING.
  5348 | D:6      | 5348 ||| FLEEEEING.
  5349 | D:6      | 5349 ||| FLEEEEING.
  5350 | D:6      | 5350 ||| FLEEEEING.
  5351 | D:6      | 5351 ||| FLEEEEING.
  5352 | D:6      | 5352 ||| FLEEEEING.
  5353 | D:6      | 5353 ||| FLEEEEING.
  5354 | D:6      | 5354 ||| FLEEEEING.
  5355 | D:6      | 5355 ||| FLEEEEING.
  5356 | D:6      | 5356 ||| FLEEEEING.
  5357 | D:6      | 5357 ||| FLEEEEING.
  5363 | D:6      | 5363 ||| DRINKING 6 potions of curing.
  5363 | D:6      | 5363 ||| (to cure confusion)
  5370 | D:6      | 5370 ||| FLEEEEING.
  5371 | D:6      | 5371 ||| FLEEEEING.
  5372 | D:6      | 5372 ||| FLEEEEING.
  5373 | D:6      | 5373 ||| FLEEEEING.
  5374 | D:6      | 5374 ||| FLEEEEING.
  5375 | D:6      | 5375 ||| FLEEEEING.
  5376 | D:6      | 5376 ||| FLEEEEING.
  5382 | D:6      | 5382 ||| FLEEEEING.
  5383 | D:6      | 5383 ||| FLEEEEING.
  5384 | D:6      | 5384 ||| FLEEEEING.
  5385 | D:6      | 5385 ||| DRINKING 5 potions of curing.
  5385 | D:6      | 5385 ||| (to cure confusion)
  5436 | D:6      | 5436 ||| Stepping ~*~*~tactically~*~*~ (stealth).
  5556 | D:6      | Reached skill level 8 in Axes
  5578 | D:6      | Reached skill level 6 in Fighting
  5582 | D:6      | 5582 ||| FLEEEEING.
  5583 | D:6      | 5583 ||| FLEEEEING.
  5584 | D:6      | 5584 ||| FLEEEEING.
  5585 | D:6      | 5585 ||| FLEEEEING.
  5586 | D:6      | 5586 ||| FLEEEEING.
  5587 | D:6      | 5587 ||| FLEEEEING.
  5639 | D:6      | 5639 ||| Stepping ~*~*~tactically~*~*~ (stealth).
  5750 | D:6      | 5750 ||| READING 2 scrolls of identify.
  5750 | D:6      | 5750 ||| IDENTIFYING golden potion
  5751 | D:6      | 5751 ||| DROPPING potion of degeneration.
  5810 | D:7      | Found a transporter.
  5827 | D:7      | Found a transporter.
  5875 | D:7      | Noticed qw's ghost (novice GrFi)
  5902 | D:7      | 5902 ||| INVOKING Heroism.
  5921 | D:7      | Reached XP level 9. HP: 36/55 MP: 10/12
  6030 | D:7      | 6030 ||| INVOKING Heroism.
  6049 | D:7      | 6049 ||| Stepping ~*~*~tactically~*~*~ (hiding).
  6053 | D:7      | 6053 ||| INVOKING Heroism.
  6068 | D:7      | Killed from afar by a steam dragon

Levels and vault maps discovered:
D:1:      nzn_arrival_crosshair, layout_loops_ring, nicolae_titane
D:2:      layout_loops_cross, small_statue_intersection, uniq_natasha
D:3:      layout_loops_ring, fountainhead, minivault_11,
          uniq_crazy_yiuf_cottage, uniq_robin
D:4:      layout_basic, minmay_temple_entry_glassed_door
D:5:      layout_basic, serial_shops, nicolae_square_shop
D:6:      layout_basic, uniq_grinder
D:7:      minmay_the_grid_octo_tiled_octocenter
          [minmay_the_grid_octo_thin_diamonds, minmay_the_grid_octo_horde,
          minmay_the_grid_octo_fan_narrow, minmay_the_grid_octo_chip,
          minmay_the_grid_octo_prize_ultimate_mussel_roller,
          minmay_the_grid_square_5x5_one_wall,
          minmay_the_grid_square_5x5_percent, minmay_the_grid_square_5x5_comb,
          minmay_the_grid_square_5x5_bridge], layout_basic, fedhas_altar_3,
          gammafunk_ghost_stat_death
Temple:   hellmonk_temple_of_storms

Skill      XL: |  1  2  3  4  5  6  7  8 |
---------------+-------------------------+-----
Axes           | 2 3 4 5 6 8 |  8.8
Fighting       | 4 6 |  6.1
Invocations    | 3 4 |  4.2
Dodging        | 1 |  1.0
Armour         | |  3.2
Shields        | |  3.2

Action                     |  1- 3 |  4- 6 |  7- 9 || total
---------------------------+-------+-------+-------++-------
  Melee: War axe           |    96 |   171 |   255 ||   522
 Invoke: Heroism           |       |       |     7 ||     7
    Use: Potion            |     4 |     1 |     2 ||     7
         Scroll            |     3 |     4 |     4 ||    11
 Armour: Scale mail        |    27 |       |       ||    27
         Chain mail        |    16 |    84 |   103 ||   203
  Dodge: Dodged            |    43 |    69 |    77 ||   189
  Block: Buckler           |     8 |    57 |    91 ||   156
         Reflection        |       |     2 |     1 ||     3

Table legend:
 A = Non-vault XP
 B = Vault XP
 C = Vault XP percentage of total XP
 D = Non-vault monster count
 E = Vault monster count
 F = Vault count percentage of total count
                 A         B        C        D         E       F
            +---------+---------+-------+---------+---------+-------
      Total |    2100 |     464 |  18.1 |     112 |      14 |  11.1
            +---------+---------+-------+---------+---------+-------
        D:1 |      37 |       0 |   0.0 |      21 |       0 |   0.0
        D:2 |      41 |      35 |  46.1 |      10 |       1 |   9.1
        D:3 |      49 |      29 |  37.2 |      19 |       9 |  32.1
        D:4 |     332 |       0 |   0.0 |      19 |       0 |   0.0
        D:5 |     687 |       0 |   0.0 |      14 |       0 |   0.0
        D:6 |     740 |     272 |  26.9 |      23 |       1 |   4.2
        D:7 |     214 |     128 |  37.4 |       6 |       3 |  33.3
            +---------+---------+-------+---------+---------+-------
